 Dungeon Crawl Stone Soup version 0.21-a0-225-g207ae17 (webtiles) character file.

366 tidbits the Skirmisher (level 6, 18/52 HPs)
             Began as a Draconian Wanderer on Aug 28, 2017.
             Quit the game on level 4 of the Dungeon.
             The game lasted 00:08:26 (792 turns).

tidbits the Skirmisher (Draconian Wanderer)          Turns: 792, Time: 00:08:27

Health: 18/52      AC:  6    Str: 15    XL:     6   Next: 40%
Magic:  11/12      EV: 12    Int: 14    God:
Gold:   56         SH:  0    Dex: 10    Spells: 9/13 levels left

rFire    . . .     SeeInvis .   a - +0 short sword (vamp)
rCold    . . .     Gourm    .   (no shield)
rNeg     . . .     Faith    .   (armour unavailable)
rPois    .         Spirit   .   (helmet restricted)
rElec    .         Reflect  .   (no cloak)
rCorr    .         Harm     .   (no gloves)
MR       .....                  (no boots)
Stlth    ++........             (no amulet)
HPRegen  0.17/turn              (no ring)
MPRegen  0.13/turn              (no ring)

@: lethally poisoned (18 -> -7)
A: unfitting armour, cold-blooded, AC +6
a: no special abilities


You were on level 4 of the Dungeon.
You were not hungry.

You visited 1 branch of the dungeon, and saw 4 of its levels.

You collected 56 gold pieces.

Inventory:

Hand Weapons
 a - a +0 vampiric short sword (weapon)
   (You took it off a kobold on level 2 of the Dungeon)
 b - a +0 blowgun
 e - a +2 dagger
Missiles
 d - 16 poisoned needles
 l - 7 tomahawks (quivered)
 n - 47 arrows
Scrolls
 g - 2 scrolls of remove curse
 h - a scroll of recharging
 i - a scroll of identify
 j - 2 scrolls of teleportation
 m - a scroll of enchant armour {unknown}
Books
 c - the Tome of Transmutation

   Spells                             Type                      Level
   a - Beastly Appendage              Transmutation                1
   b - Spider Form                    Transmutation/Poison         3
 o - a book of Maledictions
   (You found it on level 3 of the Dungeon)

   Spells                             Type                      Level
   a - Corona                         Hexes                        1
   b - Ensorcelled Hibernation        Hexes/Ice                    2
   c - Confuse                        Hexes                        3
   d - Tukima's Dance                 Hexes                        3
   e - Dazzling Spray                 Conjuration/Hexes            3
Comestibles
 f - 2 bread rations


   Skills:
 - Level 4.1 Fighting
   Level 1.0 Crossbows
 - Level 2.6 Dodging
 - Level 1.7 Stealth
 + Level 3.4 Unarmed Combat
 - Level 4.0 Spellcasting
   Level 1.0 Translocations
 - Level 2.5 Transmutations


You had 9 spell levels left.
You knew the following spells:

 Your Spells              Type           Power        Failure   Level  Hunger
e - Beastly Appendage     Tmut           #.....       7%          1    None
p - Spider Form           Tmut/Pois      #.........   34%         3    ###....


Dungeon Overview and Level Annotations

Branches:
Dungeon (4/15)
 Temple: D:4-7

Altars:

Annotations:
D:4 Natasha


Innate Abilities, Weirdness & Mutations

Your plain brown scales are hard. (AC +6)
You cannot fit into any form of body armour.
You are cold-blooded and may be slowed by cold attacks.


Message History

You open the door.
Found a smoky yellow potion.
There is an open door here.
q - a smoky yellow potion You open the door.
There is an open door here.
Found a potion of degeneration.
All of the chunks of flesh in your inventory have rotted away.
Found 23 stones.
You hear the slow rusting of a very distant drain.
You see here 23 stones.
A phantom comes into view.
A worker ant comes into view.
Casting: Spider Form
Confirm with . or Enter, or press ? or * to list all spells.
You miscast Spider Form.
You are very lightly contaminated with residual magic.
You feel a strange surge of energy! The worker ant barely misses you.
You hit the worker ant but do no damage.
The worker ant barely misses you. The worker ant bites you.
You are poisoned.
The worker ant poisons you!
You hit the worker ant.
You feel better.
You tail-slap the worker ant, but do no damage.
The worker ant is lightly wounded.
You feel sick. The worker ant bites you.
You hit the worker ant.
You feel better.
The worker ant is lightly wounded.
The worker ant barely misses you.
You barely miss the worker ant.
The worker ant is lightly wounded.
You feel sick. The worker ant bites you. The worker ant barely misses you.
You closely miss the worker ant.
The worker ant is lightly wounded.
The worker ant bites you.
You are more poisoned.
The worker ant poisons you!
You hit the worker ant but do no damage.
The worker ant is lightly wounded.
You feel sick. The worker ant bites you.
You hit the worker ant but do no damage.
The worker ant is lightly wounded.
You feel sick.
The worker ant bites you but does no damage.
You hit the worker ant.
The worker ant is moderately wounded.
You feel sick. The worker ant closely misses you.
The worker ant barely misses you.
You hit the worker ant but do no damage.
The worker ant is moderately wounded.
You feel sick.
The worker ant bites you but does no damage.
You hit the worker ant.
The worker ant is heavily wounded.
The worker ant barely misses you.
The worker ant bites you but does no damage.
You hit the worker ant but do no damage.
You tail-slap the worker ant.
The worker ant is severely wounded.
You feel sick.
The worker ant bites you but does no damage.
You hit the worker ant but do no damage.
The worker ant is severely wounded.
You feel sick. The worker ant bites you.
You are more poisoned.
The worker ant poisons you!
You closely miss the worker ant.
The worker ant is severely wounded.
You feel sick. The worker ant bites you.
You are more poisoned.
The worker ant poisons you! The worker ant bites you.
You hit the worker ant.
You feel better.
The worker ant is almost dead.
You feel sick. The worker ant bites you.
You are more poisoned.
The worker ant poisons you!
You barely miss the worker ant.
The worker ant is almost dead.
* * * LOW HITPOINT WARNING * * *
You feel very sick. The worker ant bites you.
* * * LOW HITPOINT WARNING * * *
You are more poisoned.
The worker ant poisons you!
You hit the worker ant.
You feel better.
You kill the worker ant!
* * * LOW HITPOINT WARNING * * *
You feel very sick.
It was a potion of brilliance.
You feel clever all of a sudden.
* * * LOW HITPOINT WARNING * * *
You feel sick.
The phantom blinks!
It was a potion of cancellation.
Your magical effects are unravelling.
You feel magically purged.
Your magical contamination has completely faded away.
You feel a little less clever now.
* * * LOW HITPOINT WARNING * * *
You feel very sick.
Are you sure you want to abandon this character and quit the game? (Confirm with "yes".)

#.....#
#.....#.#.#
###.#.#
#.........########
..#.
#.....#...........
#W.###############
#.......# #
###.####### #
#.........# #
#.#.#####.# #
#.#@†...# # #
###...# # #...# #
#...# # ..W.# #
#...# . ##... #
.... .....


You could see a phantom.

Vanquished Creatures
  Grinder (D:3)
  An ogre (D:4)
  A howler monkey (D:4)
  A worker ant (D:4)
  An adder (D:2)
  An ooze (D:3)
  2 worms (D:2)
  A dart slug (D:1)
  3 bats (D:2)
  A giant cockroach (D:3)
  6 goblins
  4 kobolds
  2 quokkas (D:2)
  A ball python (D:2)
  2 frilled lizards (D:1)
  4 rats
32 creatures vanquished.

Notes
Turn   | Place    | Note
-------+----------+-------------------------------------------
     0 | D:1      | tidbits the Draconian Wanderer began the quest for the Orb.
     0 | D:1      | tidbits set off with: a +2 dagger, a potion of haste, the Tome of Transmutation, a bread ration
     0 | D:1      | Reached XP level 1. HP: 17/17 MP: 5/5
     0 | D:1      | Identified the Tome of Transmutation
     2 | D:1      | Learned a level 1 spell: Beastly Appendage
     3 | D:1      | Noticed an electric eel
    55 | D:1      | Reached skill level 1 in Unarmed Combat
   199 | D:2      | Reached skill level 1 in Transmutations
   199 | D:2      | Reached XP level 2. HP: 19/24 MP: 4/7
   265 | D:2      | Reached skill level 2 in Transmutations
   349 | D:1      | Reached XP level 3. HP: 29/29 MP: 6/8
   447 | D:3      | Noticed Grinder
   466 | D:3      | Paralysed by Grinder for 4 turns
   477 | D:3      | HP: 2/30 [Grinder (2)]
   484 | D:3      | Killed Grinder
   484 | D:3      | Reached skill level 4 in Fighting
   484 | D:3      | Reached skill level 2 in Dodging
   484 | D:3      | Reached XP level 4. HP: 28/40 MP: 10/10
   484 | D:3      | Reached XP level 5. HP: 32/46 MP: 11/11
   489 | D:3      | Learned a level 3 spell: Spider Form
   596 | D:4      | Noticed an ogre
   601 | D:4      | Reached skill level 2 in Unarmed Combat
   611 | D:4      | Killed an ogre
   611 | D:4      | Reached skill level 3 in Unarmed Combat
   611 | D:4      | Reached XP level 6. HP: 33/52 MP: 6/12
   613 | D:4      | Noticed Natasha
   792 | D:4      | Quit the game

Vault maps used:
D:1:      arrival_aquarium_a, st_stairs_10
D:2:      dancing_weapons_uskayaw
D:3:      minmay_door_path, lemuel_doored_altar, first_bread,
          kennysheep_nondescript, fedhas_altar_3, uniq_grinder
D:4:      minmay_temple_entry_enclosed_plants, gup_sewer_entry_spiral,
          uniq_natasha

Skill      XL: |  1  2  3  4  5 |
---------------+----------------+-----
Unarmed Combat | 1 3 |  3.4
Transmutations | 1 2 |  2.5
Fighting       | 4 |  4.1
Dodging        | 2 |  2.6
Crossbows      | |  1.0
Stealth        | |  1.7
Spellcasting   | |  4.0
Translocations | |  1.0

Action                   |  1- 3 |  4- 6 || total
-------------------------+-------+-------++-------
Melee: Dagger            |    13 |       ||    13
       Short sword       |    77 |    31 ||   108
       Tailslap          |    12 |     2 ||    14
       Kick              |     7 |       ||     7
       Headbutt          |     3 |     2 ||     5
       Unarmed           |       |     5 ||     5
Throw: Tomahawk          |     1 |       ||     1
 Cast: Beastly Appendage |    21 |     3 ||    24
       Spider Form       |       |     1 ||     1
  Use: Potion            |     5 |     2 ||     7
       Scroll            |     1 |     2 ||     3
 Stab: Sleeping          |     5 |       ||     5
  Eat: Bread ration      |     1 |       ||     1
Armor: Skin              |    24 |    11 ||    35
Dodge: Dodged            |    46 |    18 ||    64

Table legend:
 A = Spawn XP
 B = Non-spawn XP
 C = Spawn XP percentage of total XP
 D = Spawn monster count
 E = Non-spawn monster count
 F = Spawn count percentage of total count
 G = Total turns spent on level
                    A         B        C        D         E        F      G
               +---------+---------+-------+---------+---------+-------+---------
         Total |       1 |     523 |   0.2 |       1 |      31 |   3.1 |   792
               +---------+---------+-------+---------+---------+-------+---------
           D:1 |       0 |      16 |   0.0 |       0 |      10 |   0.0 |   120
           D:2 |       1 |      38 |   2.6 |       1 |      11 |   8.3 |   302
           D:3 |       0 |     264 |   0.0 |       0 |       7 |   0.0 |   253
           D:4 |       0 |     205 |   0.0 |       0 |       3 |   0.0 |   117
               +---------+---------+-------+---------+---------+-------+---------

Table legend:
 A = Turns spent in this place as a percentage of turns spent in the entire game.
 B = Non-inter-level travel turns spent in this place as a percentage of non-inter-level travel turns spent in the entire game.
 C = Inter-level travel turns spent in this place as a percentage of turns spent in this place.
 D = Turns resting spent in this place as a percentage of non-inter-level travel turns spent in this place.
 E = Turns spent auto-exploring this place as a percentage of non-inter-level travel turns spent in this place.
 F = Non-inter-level travel turns spent in this place divided by the number of levels of this place that you've seen.
                   A       B       C       D       E      F
               +-------+-------+-------+-------+-------+----------------------
         Total | 100.0 | 100.0 |   6.3 |   0.0 |   0.0 | 185.5
       Dungeon | 100.0 | 100.0 |   6.3 |   0.0 |   0.0 | 185.5
               +-------+-------+-------+-------+-------+----------------------

Table legend:
 A = Kills in this place as a percentage of kills in entire the game.
 B = Kills by you in this place as a percentage of kills by you in the entire game.
 C = Kills by friends in this place as a percentage of kills by friends in the entire game.
 D = Other kills in this place as a percentage of other kills in the entire game.
 E = Experience gained in this place as a percentage of experience gained in the entire game.
 F = Experience gained in this place divided by the number of levels of this place that you have seen.
                   A       B       C       D       E      F
               +-------+-------+-------+-------+-------+----------------------
         Total | 100.0 | 100.0 |   N/A |   N/A | 100.0 | 131.0
       Dungeon | 100.0 | 100.0 |   N/A |   N/A | 100.0 | 131.0
               +-------+-------+-------+-------+-------+----------------------

Vault maps used:
D:1:      arrival_aquarium_a, st_stairs_10
D:2:      dancing_weapons_uskayaw
D:3:      minmay_door_path, lemuel_doored_altar, first_bread,
          kennysheep_nondescript, fedhas_altar_3, uniq_grinder
D:4:      minmay_temple_entry_enclosed_plants, gup_sewer_entry_spiral,
          uniq_natasha
